 Dungeon Crawl Stone Soup version 0.30-a0-585-g93115170b9 (webtiles) character file.

Game seed: 13490021611667535884

1091 Citaku the Sneak (level 8, -6/60 HPs)
             Began as a Human Wanderer on Jan 2, 2023.
             Was a Believer of Cheibriados.
             Mangled by Maggie
             ... wielding a +1 heavy glaive
              (18 damage)
             ... on level 6 of the Dungeon.
             The game lasted 00:15:54 (4056 turns).

Citaku the Sneak (Human Wanderer)                   Turns: 4056, Time: 00:15:54

Health: -6/60      AC: 12    Str: 16    XL:     8   Next: 56%
Magic:  8/8        EV: 11    Int: 26    God:    Cheibriados [**....]
Gold:   113        SH:  0    Dex: 22    Spells: 6/7 levels left

rFire   . . .      SeeInvis .    a - +2 shortbow
rCold   . . .      Faith    .    (shield currently unavailable)
rNeg    . . .      Spirit   .    d - +3 leather armour
rPois   .          Reflect  .    (no helmet)
rElec   .          Harm     .    g - +2 cloak
rCorr   .          Rampage  .    (no gloves)
Will    .....                    r - +1 pair of boots
Stlth   +++                      (no amulet)
HPRegen 0.30/turn                l - +6 ring of intelligence
MPRegen 0.11/turn                h - +6 ring of intelligence

@: mesmerised, very slow
A: no striking features
a: Renounce Religion, Bend Time


You were on level 6 of the Dungeon.
You worshipped Cheibriados.
Cheibriados was pleased with you.
You visited 1 branch of the dungeon, and saw 5 of its levels.

You collected 165 gold pieces.
You spent 52 gold pieces at shops.

Inventory:

Hand Weapons
 a - a +2 shortbow (weapon)
Armour
 d - a +3 leather armour (worn)
 g - a +2 cloak (worn)
 r - a +1 pair of boots (worn)
Jewellery
 e - a ring of wizardry
 h - a +6 ring of intelligence (right hand)
 l - a +6 ring of intelligence (left hand)
 s - a ring of fire
Wands
 b - a wand of charming (4)
Scrolls
 f - a scroll of identify
 k - 2 scrolls of teleportation
 n - a scroll of immolation
 o - 3 scrolls of blinking
 p - a scroll of vulnerability
Potions
 c - 2 potions of curing
 i - a potion of brilliance
 j - 2 potions of haste
 m - 2 potions of degeneration
 q - 2 potions of ambrosia {unknown}


   Skills:
 - Level 4.3 Fighting
 - Level 4.3 Staves
 + Level 5.1 Ranged Weapons
 + Level 4.9 Armour
 + Level 5.2 Stealth


You had 6 spell levels left.
You knew the following spells:

 Your Spells              Type           Power      Damage    Failure   Level
a - Summon Small Mammal   Summ           0%         N/A       16%         1

Your spell library contained the following spells:

 Spells                   Type           Power      Damage    Failure   Level
 Apportation              Tloc           0%         N/A       16%         1
 Necrotise                Necr           0%         1d4       16%         1
 Sublimation of Blood     Necr           0%         N/A       22%         2
 Dazzling Flash           Conj/Hex       0%         N/A       41%         3
 Iskenderun's Mystic Bla  Conj/Tloc      0%         2d3       83%         4
 Petrify                  Tmut/Erth      0%         N/A       83%         4
 Irradiate                Conj/Tmut      0%         3d11      99%         5
 Starburst                Conj/Fire      0%         6d3       100%        6


Dungeon Overview and Level Annotations

Branches:
Dungeon (4/15)
 Temple: D:4-7

Altars:
Cheibriados
Dithmenos
Makhleb
Okawaru

Shops:
D:1 [!((*   D:4 *

Annotations:
D:6 Maggie


Message History

Press: ? - help, Q - select action, (/) - cycle Shift-Dir - straight line, f/p - Maggie
Aim: Maggie, wielding a +1 heavy glaive and wearing +1 swamp dragon scales (lightly wounded, 72% to hit)
You shoot an arrow. The arrow hits Maggie.
Maggie is lightly wounded.
Maggie mumbles some strange words.
Maggie attempts to bespell you! You resist with almost no effort.
You hear some strange, mumbled words.
Something tries to affect you, but you resist.
Unknown command.
Fire: a) +2 shortbow
Press: ? - help, Q - select action, (/) - cycle Shift-Dir - straight line, f/p - Maggie
Aim: Maggie, wielding a +1 heavy glaive and wearing +1 swamp dragon scales (lightly wounded, 72% to hit)
You shoot an arrow. The arrow hits Maggie!
Maggie is lightly wounded.
Maggie gestures wildly while chanting.
Maggie attempts to bespell you!
You are mesmerised by Maggie!
Something hits you but does no damage.
Maggie hits you from afar with a +1 heavy glaive!!
* * * LOW HITPOINT WARNING * * *
Fire: a) +2 shortbow
Press: ? - help, Q - select action, (/) - cycle Shift-Dir - straight line, f/p - Maggie
Aim: Maggie, wielding a +1 heavy glaive and wearing +1 swamp dragon scales (lightly wounded, mesmerising, 72% to hit)
You shoot an arrow.
The arrow hits Maggie but does no damage.
Maggie is lightly wounded.
An orc wizard appears from thin air!
Reactivating autopickup.
The orc wizard hits you but does no damage.
Fire: a) +2 shortbow
Press: ? - help, Q - select action, (/) - cycle Shift-Dir - straight line, f/p - Maggie
Aim: Maggie, wielding a +1 heavy glaive and wearing +1 swamp dragon scales (lightly wounded, mesmerising, 72% to hit)
You shoot an arrow. The arrow barely misses Maggie.
Maggie casts a spell.
Maggie draws you further into her thrall.
The orc wizard hits you but does no damage.
The orc wizard casts a spell at you.
The puff of flame hits you but does no damage.
Maggie hits you from afar with a +1 heavy glaive!!
You die...

.#....>!...#
.......... #........
....... ....[ .@. #.#
##@# ####.o# #.....#
#.....# #.....#
#..)..#####
.############.##.....#
.....................#
...#######.#####.....#


You could see Maggie (mesmerising) and an orc wizard.

Vanquished Creatures
  A water moccasin (D:4)
  A black bear (D:6)
  2 phantoms (D:4)
  A bullfrog (D:4)
  A scorpion (D:4)
  2 water moccasin zombies (D:4)
  4 hounds
  A jelly (D:4)
  2 iguanas (D:4)
  A scorpion zombie (D:4)
  2 orc wizards (D:4)
  A howler monkey zombie (D:4)
  4 gnolls (D:3)
  6 adders
  A white imp (D:6)
  2 adder zombies (D:4)
  6 worms
  5 dart slugs
  8 orcs
  7 ball pythons
  8 endoplasms
  5 giant cockroaches
  11 goblins
  9 hobgoblins
  8 kobolds
  3 quokkas
  6 bats
  2 frilled lizards
  7 rats
117 creatures vanquished.

Vanquished Creatures (collateral kills)
  A frilled lizard (D:3)
1 creature vanquished.

Vanquished Creatures (others)
  3 withered plants (D:4)
3 creatures vanquished.

Grand Total: 121 creatures vanquished

Notes
Turn   | Place    | Note
-------+----------+-------------------------------------------
     0 | D:1      | Citaku the Human Wanderer began the quest for the Orb.
     0 | D:1      | Citaku set off with the following items: a +1 shortbow, a
                  | +0 quarterstaff, a potion of curing, a +0 robe.
     0 | D:1      | Reached XP level 1. HP: 18/18 MP: 1/1
    75 | D:1      | Reached XP level 2. HP: 24/24 MP: 2/2
    90 | D:1      | Found Xipnueso's Weapon Boutique.
   295 | D:1      | Reached XP level 3. HP: 29/29 MP: 3/3
   364 | D:1      | Found Gatwid's Distillery.
   538 | D:1      | Found Otanosch's Assorted Antiques.
   583 | D:1      | Found Ifyu's Weapon Shop.
   747 | D:1      | Found Syhuxoku's Armour Shoppe.
  1133 | D:2      | Reached XP level 4. HP: 33/35 MP: 4/4
  1350 | D:2      | You fall into a shaft and drop 1 floor!
  1521 | D:3      | Found a shadowy altar of Dithmenos.
  1562 | D:3      | Reached XP level 5. HP: 23/41 MP: 5/5
  1632 | D:3      | Learned a level 1 spell: Summon Small Mammal
  1960 | D:3      | Found a snail-covered altar of Cheibriados.
  2060 | D:3      | Became a worshipper of Cheibriados the Contemplative
  2419 | D:4      | Noticed a phantom
  2430 | D:4      | Killed a phantom
  2431 | D:4      | Reached XP level 6. HP: 38/48 MP: 6/6
  2647 | D:4      | Reached XP level 7. HP: 54/54 MP: 5/7
  2869 | D:4      | Found an iron altar of Okawaru.
  2876 | D:4      | Found Nihecixt's Assorted Antiques.
  2898 | D:4      | Bought a scroll labelled HAIJOO CUITHRA for 26 gold pieces
  2898 | D:4      | Bought a scroll labelled PUR LENKYERIEN for 26 gold pieces
  3225 | D:4      | Reached * piety under Cheibriados
  3227 | D:4      | Found a burning altar of Makhleb.
  3271 | D:4      | Noticed a water moccasin
  3739 | D:4      | Reached XP level 8. HP: 60/60 MP: 8/8
  3998 | D:4      | You fall into a shaft and drop 2 floors!
  4021 | D:6      | Reached skill level 5 in Ranged Weapons
  4021 | D:6      | Reached skill level 5 in Stealth
  4033 | D:6      | Reached ** piety under Cheibriados
  4047 | D:6      | Noticed Maggie
  4056 | D:6      | Mangled by Maggie

Illustrated notes

Levels and vault maps discovered:
D:1:      minmay_arrival_four_circles, layout_basic, serial_shops, shop, shop,
          nicolae_lakefront_shop, shop_statue, shop
D:2:      layout_basic, skrybe_limestone_x, hangedman_decor_riveting
D:3:      layout_basic, mainiacjoe_overflow_24_doors, kennysheep_slug_shrine,
          portal_sewer_entry_a, kennysheep_generic_room_2
D:4:      layout_basic, mainiacjoe_overflow_alcove_1, makhleb_heckhound_becter,
          serial_undead, serial_undead_d, serial_undead_c, serial_undead_b,
          serial_undead_d, serial_undead_e, serial_shops, nicolae_stop_n_shop_1,
          nzn_random_ring
D:6:      layout_rooms, gammafunk_temple_overflow_statue, corexii_checkpoint_b,
          kennysheep_generic_room_16, uniq_maggie, uniq_pikel

Skill      XL: |  1  2  3  4  5  6  7  8 |
---------------+-------------------------+-----
Stealth        | 2 3 4 5 |  5.2
Armour         | 2 4 |  4.9
Ranged Weapons | 3 4 5 |  5.1
Staves         | 4 |  4.3
Fighting       | 4 |  4.3

Action                   |  1- 3 |  4- 6 |  7- 9 || total
-------------------------+-------+-------+-------++-------
 Fire: Shortbow          |    90 |   151 |   147 ||   388
 Cast: Summon Small Mamm |       |     2 |       ||     2
  Use: Potion            |       |     3 |     1 ||     4
       Scroll            |       |     2 |    10 ||    12
Armor: Robe              |     7 |       |       ||     7
       Leather armour    |     3 |    71 |    97 ||   171
Dodge: Dodged            |    21 |    63 |    90 ||   174

Table legend: (Time is in decaauts)
 A = Elapsed time spent in this place.
 B = Non-inter-level travel time spent in this place.
 C = Inter-level travel time spent in this place.
 D = Time resting spent in this place.
 E = Time spent auto-exploring this place.
 F = Levels seen in this place.
 G = Mean time per level.
                   A        B        C        D        E       F      G
               +--------+--------+--------+--------+--------+-----+--------+
         Total |   4578 |   4578 |      0 |    732 |   2317 |   5 |  915.6 |
       Dungeon |   4578 |   4578 |      0 |    732 |   2317 |   5 |  915.6 |
               +--------+--------+--------+--------+--------+-----+--------+

Top non-repeatable levels by time:
     D:4: 1952 daAuts
     D:3: 1159 daAuts
     D:1: 894 daAuts
     D:2: 493 daAuts
     D:6: 77 daAuts
